 Dungeon Crawl Stone Soup version 0.22-a0-305-gd21a89c (webtiles) character file.

65 mhoghedin the Ruffian (level 4, -7/41 HPs)
             Began as a Ghoul Monk on Mar 30, 2018.
             Was a Believer of Yredelemnul.
             Mangled by a kobold
             ... wielding a +0 short sword
              (8 damage)
             ... on level 2 of the Dungeon.
             The game lasted 00:04:01 (1264 turns).

mhoghedin the Ruffian (Ghoul Monk)                  Turns: 1264, Time: 00:04:01

Health: -7/41      AC:  2    Str: 15    XL:     4   Next: 14%
Magic:  3/3        EV: 12    Int:  5    God:    Yredelemnul [**....]
Gold:   65         SH:  0    Dex: 11    Spells: 3/3 levels left

rFire    . . .     SeeInvis .     - Unarmed
rCold    + . .     Gourm    .   (no shield)
rNeg     + + +     Faith    .   a - +0 robe
rPois    ∞         Spirit   .   (no helmet)
rElec    .         Reflect  .   (no cloak)
rCorr    .         Harm     .   (no gloves)
MR       .....                  (no boots)
Stlth    ++........             (no amulet)
HPRegen  0.00/turn              (no ring)
MPRegen  0.08/turn              (no ring)

@: rotting
A: rotting body, claws 1, carnivore, cold resistance 1, negative energy
resistance 3, inhibited regeneration, torment resistance, unbreathing
a: Animate Remains, Recall Undead Slaves, Injury Mirror, Renounce Religion


You were on level 2 of the Dungeon.
You worshipped Yredelemnul.
Yredelemnul was pleased with you.
You were not hungry.

You visited 1 branch of the dungeon, and saw 3 of its levels.

You collected 65 gold pieces.

Inventory:

Armour
 a - a +0 robe (worn)
Jewellery
 d - a +4 ring of evasion {unknown}
   (You found it on level 1 of the Dungeon)
Scrolls
 f - 2 scrolls of amnesia {unknown}
 i - a scroll of teleportation {unknown}
Potions
 e - a potion of invisibility {unknown}
 g - a potion of cancellation {unknown}
 h - a potion of degeneration {unknown}
 j - a potion of heal wounds {unknown}
 k - 2 potions of resistance {unknown}
Comestibles
 b - 3 rations


   Skills:
 + Level 4.4 Fighting
 - Level 2.6 Dodging
 - Level 2.1 Stealth
 + Level 4.4 Unarmed Combat
 + Level 0.1 Invocations


You had 3 spell levels left.
You didn't know any spells.

Dungeon Overview and Level Annotations

Branches:
Dungeon (3/15)

Altars:
Trog
Yredelemnul


Innate Abilities, Weirdness & Mutations

Your body is rotting away.
You thrive on raw meat.
You are immune to poison.
You have sharp fingernails.
You are carnivorous and can eat meat at any time.
Your flesh is cold resistant. (rC+)
You are immune to negative energy. (rN+++)
You do not regenerate when monsters are visible.
You are immune to unholy pain and torment.
You can survive without breathing.


Message History

You regained 6 hp, and now have 31/41 hp.
Eating one of 3 chunks of flesh {@w0}.
You eat one of the 3 chunks of flesh {@w0}.
This raw flesh tastes great!
You regained 3 hp, and now have 34/41 hp.
Eating one of 2 chunks of flesh {@w0}.
You eat one of the 2 chunks of flesh {@w0}.
This raw flesh tastes great!
You regained 2 hp, and now have 36/41 hp.
Done exploring.
Done exploring.
(D) Dungeon
Where to? (Enter - D:2, ? - help)
Things that are here:
a rat corpse x2
There is an open door here.
There is a stone staircase leading down here.
You climb downwards.
A frilled lizard, a rat, a hobgoblin, a kobold and 3 orcs come into view.
The hobgoblin shouts!
The orc shouts!
There is a stone staircase leading up here.
There are monsters nearby!
You regained 3 hp, and now have 39/41 hp.
The orc throws a tomahawk.
The tomahawk closely misses you.
A leopard gecko zombie comes into view.
You see here a tomahawk.
The kobold shouts!
The frilled lizard hisses angrily.
The orc shouts!
The orc priest shouts!
You scratch the rat.
You kill the rat!
Yredelemnul accepts your kill.
You hear a shout!
The orc throws a tomahawk.
The tomahawk hits you.
An orc wizard comes into view. It is wielding a dagger of venom.
You see here a tomahawk.
You take 1 damage, and have 38/41 hp.
The orc wizard moves out of view.
You see here a tomahawk.
There is a stone staircase leading up here.
You scratch the hobgoblin. The kobold hits you but does no damage.
The orc wizard casts a spell.
The orc wizard blinks!
The hobgoblin barely misses you. The orc priest misses you.
The kobold closely misses you.
You climb upwards.
There is a stone staircase leading down here.
You claw the hobgoblin!
You kill the hobgoblin!
Yredelemnul accepts your kill. The orc priest barely misses you.
The kobold misses you.
You closely miss the orc priest.
You feel your flesh rotting away. The kobold barely misses you.
The orc priest barely misses you.
You scratch the orc priest but do no damage.
The kobold hits you with a short sword!
The orc priest casts a cantrip, but nothing happens.
You take 7 damage, and have 31/40 hp.
You scratch the orc priest but do no damage.
The kobold hits you with a short sword.
The orc priest hits you with a hand axe.
You take 5 damage, and have 26/40 hp.
You scratch the orc priest but do no damage.
The kobold hits you but does no damage.
You scratch the orc priest. The orc priest barely misses you.
The kobold hits you with a short sword.
You take 1 damage, and have 25/40 hp.
You scratch the orc priest.
The orc priest hits you with a hand axe!
The kobold hits you but does no damage.
You take 9 damage, and have 16/40 hp.
MASSIVE DAMAGE!!
Eat a chunk of flesh {@w0}? (ye/n/q)
You eat the chunk of flesh {@w0}.
You feel more resilient.
This raw flesh tastes great!
The orc priest hits you with a hand axe.
The kobold hits you with a short sword.
You take 2 damage, and have 14/41 hp.
Okay, then.
Unknown command.
You scratch the orc priest but do no damage.
The orc priest barely misses you.
You barely miss the orc priest. The kobold barely misses you.
The orc priest hits you with a hand axe.
* * * LOW HITPOINT WARNING * * *
You take 6 damage, and have 8/41 hp.
You closely miss the orc priest. The kobold misses you.
You scratch the orc priest but do no damage.
The orc priest begins to cast a cantrip, but forgets the words!
The kobold closely misses you.
You scratch the orc priest but do no damage.
The orc priest calls down the wrath of Beogh upon you.
Beogh smites you!
* * * LOW HITPOINT WARNING * * *
The kobold misses you.
You take 7 damage, and have 1/41 hp.
Unknown command.
You completely miss the orc priest. The orc priest closely misses you.
The kobold hits you with a short sword!
You die...
Yredelemnul claims you as an undead slave.

######......................##
#............#.#.#####.######
#.....####...#.#.# #.#
####..............#.# #.# #####
.........#####..###.#####.###....
....##..## #.............##..###
....##...# #.###.###.....#......
.........# #.#.....#.....#..####
....####.####.#.@o..#........#
....# #........)K..........##
##.## #.#....#.....#......## #.#
#.###..#.....#.....## #.## #.#
#..###.###.....# #..## #.#
##.............# ##..###.#
#..#...##.....# #### ##...#.#
#..##.....##..####... ###...##
#..##...####.....#.##


You could see an orc priest and a kobold.

Vanquished Creatures
  2 adders (D:2)
  An ooze (D:1)
  A dart slug (D:1)
  4 bats
  4 goblins (D:1)
  6 hobgoblins
  3 jackals (D:1)
  2 kobolds (D:1)
  2 quokkas (D:2)
  3 ball pythons
  3 frilled lizards
  11 rats
42 creatures vanquished.

Notes
Turn   | Place    | Note
-------+----------+-------------------------------------------
     0 | D:1      | mhoghedin the Ghoul Monk began the quest for the Orb.
     0 | D:1      | Reached XP level 1. HP: 19/19 MP: 0/0
    36 | D:1      | HP: 2/19 [jackal (3)]
    38 | D:1      | Reached XP level 2. HP: 3/26 MP: 1/1
    41 | D:1      | HP: 5/26 [frilled lizard (3)]
   199 | D:1      | Reached XP level 3. HP: 22/33 MP: 2/2
   336 | D:1      | Reached skill level 4 in Unarmed Combat
   339 | D:1      | Reached skill level 4 in Fighting
   636 | D:2      | Found a basalt altar of Yredelemnul.
   942 | D:2      | Became a worshipper of Yredelemnul the Dark
   942 | D:2      | Reached * piety under Yredelemnul
   942 | D:2      | Reached ** piety under Yredelemnul
   972 | D:2      | Reached XP level 4. HP: 34/41 MP: 3/3
  1134 | D:2      | Noticed a moth of wrath
  1136 | D:2      | Found a bloodstained altar of Trog.
  1260 | D:2      | HP: 8/41 [orc priest/hand axe (6)]
  1263 | D:2      | HP: 1/41 [orc priest/divine providence (7)]
  1264 | D:2      | Mangled by a kobold

Vault maps used:
D:1:      minmay_arrival_stair_chambers
D:2:      tgw_trog, lemuel_crystal_altar, st_stairs_3
D:3:      tgw_fedhas, chequers_ecumenical_altar_simple_redux,
          minmay_misc_feat_diagonals, hangedman_feature_mirror,
          minmay_misc_feat_plants, kennysheep_generic_room_11

Skill      XL: |  1  2  3 |
---------------+----------+-----
Unarmed Combat | 4 |  4.4
Fighting       | 4 |  4.4
Dodging        | |  2.6
Stealth        | |  2.1
Invocations    | |  0.1

Action                   |  1- 3 |  4- 6 || total
-------------------------+-------+-------++-------
Melee: Unarmed           |   106 |    42 ||   148
       Punch             |     2 |       ||     2
 Stab: Sleeping          |     2 |       ||     2
  Eat: Chunk             |    10 |     4 ||    14
       Ration            |     1 |       ||     1
Armor: Robe              |    29 |     6 ||    35
Dodge: Dodged            |    77 |    33 ||   110

Table legend:
 A = Spawn XP
 B = Non-spawn XP
 C = Spawn XP percentage of total XP
 D = Spawn monster count
 E = Non-spawn monster count
 F = Spawn count percentage of total count
 G = Total turns spent on level
                    A         B        C        D         E        F      G
               +---------+---------+-------+---------+---------+-------+---------
         Total |       0 |      94 |   0.0 |       0 |      42 |   0.0 |  1264
               +---------+---------+-------+---------+---------+-------+---------
           D:1 |       0 |      46 |   0.0 |       0 |      24 |   0.0 |   585
           D:2 |       0 |      47 |   0.0 |       0 |      17 |   0.0 |   671
           D:3 |       0 |       1 |   0.0 |       0 |       1 |   0.0 |     8
               +---------+---------+-------+---------+---------+-------+---------

Vault maps used:
D:1:      minmay_arrival_stair_chambers
D:2:      tgw_trog, lemuel_crystal_altar, st_stairs_3
D:3:      tgw_fedhas, chequers_ecumenical_altar_simple_redux,
          minmay_misc_feat_diagonals, hangedman_feature_mirror,
          minmay_misc_feat_plants, kennysheep_generic_room_11

Table legend:
 A = Turns spent in this place as a percentage of turns spent in the entire game.
 B = Non-inter-level travel turns spent in this place as a percentage of non-inter-level travel turns spent in the entire game.
 C = Inter-level travel turns spent in this place as a percentage of turns spent in this place.
 D = Turns resting spent in this place as a percentage of non-inter-level travel turns spent in this place.
 E = Turns spent auto-exploring this place as a percentage of non-inter-level travel turns spent in this place.
 F = Non-inter-level travel turns spent in this place divided by the number of levels of this place that you've seen.
                   A       B       C       D       E      F
               +-------+-------+-------+-------+-------+----------------------
         Total | 100.0 | 100.0 |   4.9 |  16.0 |  51.7 | 400.7
       Dungeon | 100.0 | 100.0 |   4.9 |  16.0 |  51.7 | 400.7
               +-------+-------+-------+-------+-------+----------------------

Table legend:
 A = Kills in this place as a percentage of kills in entire the game.
 B = Kills by you in this place as a percentage of kills by you in the entire game.
 C = Kills by friends in this place as a percentage of kills by friends in the entire game.
 D = Other kills in this place as a percentage of other kills in the entire game.
 E = Experience gained in this place as a percentage of experience gained in the entire game.
 F = Experience gained in this place divided by the number of levels of this place that you have seen.
                   A       B       C       D       E      F
               +-------+-------+-------+-------+-------+----------------------
         Total | 100.0 | 100.0 |   N/A |   N/A | 100.0 |  31.3
       Dungeon | 100.0 | 100.0 |   N/A |   N/A | 100.0 |  31.3
               +-------+-------+-------+-------+-------+----------------------
